 Dungeon Crawl Stone Soup version 0.31-a0-1009-g454b1f1e0a (webtiles) character file.

Game seed: 8139084475766579137

1701 Malachi the Covert (level 8, -3/42 HPs)
             Began as a Spriggan Brigand on Nov 14, 2023.
             Was a High Priest of Zin.
             Slain by an iguana (11 damage)
             ... on level 6 of the Dungeon.
             The game lasted 00:07:30 (5353 turns).

Malachi the Covert (Spriggan Brigand)               Turns: 5353, Time: 00:07:31

Health: -3/42      AC: 13    Str:  7    XL:     8   Next: 73%
Magic:  11/11      EV: 21    Int: 13    God:    Zin [*****.]
Gold:   281        SH:  0    Dex: 18    Spells: 7/7 levels left

rFire   . . .        B - +1 rapier (protect)
rCold   + . .        (no shield)
rNeg    . . .        b - +1 robe
rPois   .            (helmet restricted)
rElec   .            g - +2 cloak
rCorr   .            (gloves unavailable)
SInv    +            (boots unavailable)
Will    +....        (no amulet)
Stlth   +++++        k - ring of protection from cold
HPRegen 0.27/turn    (no ring)
MPRegen 0.12/turn

%: no passive effects
@: under a protective aura, very quick
A: very small, no large weapons, unfitting armour, see invisible, speed 3
a: Renounce Religion, Recite, Vitalisation, Imprison, Sanctuary, Donate Gold


You were on level 6 of the Dungeon.
You worshipped Zin.
Zin was extremely pleased with you.
You visited 1 branch of the dungeon, and saw 6 of its levels.
You also visited: Ossuary.

You collected 312 gold pieces.
You donated 31 gold pieces to Zin.

Inventory:

Hand Weapons
 a - a +2 dagger
 i - a +0 short sword of holy wrath
 m - a +0 sling
 n - a +2 dagger of venom
 q - a +3 dagger
 w - the +1 spear of Mayhem {antimagic, rC+ Dex+4}
   (You found it on level 4 of the Dungeon)

   Dex+4:     It affects your dexterity (+4).
   rC+:       It protects you from cold.
 B - a +1 rapier of protection (weapon)
Missiles
 d - 15 poisoned darts (quivered)
 e - 3 curare-tipped darts
Armour
 b - a +1 robe (worn)
 g - a +2 cloak (worn)
Jewellery
 k - a ring of protection from cold (left hand)
 r - a ring of fire
Wands
 p - a wand of iceblast (2)
 t - a wand of charming (4)
Scrolls
 c - a scroll of enchant armour
 h - 2 scrolls of poison
 l - a scroll of noise
 s - 2 scrolls of teleportation
 y - a scroll of fear
 D - 2 scrolls of vulnerability
Potions
 f - 3 potions of attraction
 j - 2 potions of lignification {unknown}
 o - 2 potions of resistance
 u - 4 potions of haste {unknown}
 v - 2 potions of mutation
 x - a potion of degeneration {unknown}
 z - 2 potions of berserk rage {unknown}
 A - a potion of enlightenment {unknown}


   Skills:
 + Level 4.6 Fighting
 + Level 6.1 Short Blades
 - Level 2.3 Throwing
 + Level 6.9 Dodging
 + Level 10.1 Stealth
 + Level 3.2 Invocations


You had 7 spell levels left.
You didn't know any spells.
Your spell library contained the following spells:

 Spells                   Type           Power      Damage    Failure   Level
 Sublimation of Blood     Necr           0%         N/A       43%         2
 Inner Flame              Hex/Fire       0%         N/A       67%         3
 Petrify                  Tmut/Erth      0%         N/A       97%         4
 Irradiate                Conj/Tmut      0%         3d11      100%        5
 Yara's Violent Unravell  Hex/Tmut       0%         3d3       100%        5
 Enfeeble                 Hex            0%         N/A       100%        7


Dungeon Overview and Level Annotations

Branches:
Dungeon (6/15)            Ossuary (visited)
 Temple: D:4-7

Altars:
Zin

Shops:
D:3 (

Annotations:
D:6 1 runed translucent door


Innate Abilities, Weirdness & Mutations

You are very small and have problems with some larger weapons.
You are too small for most types of armour.
You have supernaturally acute eyesight. (SInv)
You cover ground extremely quickly. (Speed+++)


Message History

You are too injured to fight recklessly!
You are too injured to fight recklessly!
Unknown command.
You hit the hound.
The hound is lightly wounded.
The hound closely misses you. The centaur closely misses you.
The centaur misses you. The hound bites you but does no damage.
The iguana closely misses you. The hound closely misses you.
The centaur completely misses you. The centaur barely misses you.
You miss the hound.
The hound is lightly wounded.
The hound bites you but does no damage. The hound misses you.
The centaur closely misses you. The centaur kicks you. The iguana bites you.
You hit the centaur but do no damage.
The centaur is heavily wounded.
The hound misses you. The hound barely misses you.
The centaur closely misses you.
The centaur kicks you but does no damage.
The iguana completely misses you. The hound completely misses you.
You hit the centaur.
The centaur is severely wounded.
The hound bites you.
The centaur hits you but does no damage.
The centaur misses you. The hound bites you but does no damage.
The centaur misses you. The centaur completely misses you. The hound bites you.
* * * LOW HITPOINT WARNING * * *
The iguana bites you.
* * * LOW HITPOINT WARNING * * *
You barely miss the centaur.
The centaur is severely wounded.
The hound completely misses you. The centaur closely misses you.
The centaur kicks you but does no damage.
The hound bites you but does no damage.
Unknown command.
You hit the centaur.
The centaur is severely wounded.
The hound closely misses you. The hound completely misses you.
The centaur barely misses you. The centaur completely misses you.
The iguana bites you!
You die...

...##.
.............##........
#............##........
#.........[.###........
#........... ..........
#.......... #........
##........## ###.......
#....$chl..# #.........
+......@h.# #.........
#.........#####.........
###<##....$##..#.....###
# ###.......#.....##.
####.........###.
####.........###.
.........##...##..
.....######....#..
#.#... #...†....


You could see a centaur, an iguana and 2 hounds.

Vanquished Creatures
  Sigmund (D:3)
  Eustachio (D:5)
  Menkaure (D:5)
  An ice beast (D:5)
  2 black bears (D:5)
  An ogre (D:3)
  A centaur (D:5)
  A phantom (D:5)
  A bullfrog (D:5)
  3 water moccasin zombies (Ossuary)
  2 jellies (D:5)
  4 hounds
  An iguana (D:4)
  A sleepcap (D:5)
  An orc priest (D:5)
  Ijyb (D:3)
  2 mummies (Ossuary)
  Robin (D:3)
  10 adders
  A shadow imp (D:5)
  2 adder zombies (Ossuary)
  3 worms
  2 dart slugs
  9 orcs
  4 ball pythons
  4 endoplasms
  A giant cockroach (D:4)
  3 gnoll zombies (Ossuary)
  8 hobgoblins
  11 jackals
  2 quokkas
  6 bats
  5 frilled lizards
  14 goblins
  5 hobgoblin zombies (Ossuary)
  3 kobolds
  8 kobold zombies (Ossuary)
  3 orc zombies (Ossuary)
  A rat (D:3)
131 creatures vanquished.

Notes
Turn   | Place    | Note
-------+----------+-------------------------------------------
     0 | D:1      | Malachi the Spriggan Brigand began the quest for the Orb.
     0 | D:1      | Reached XP level 1. HP: 10/10 MP: 2/2
   616 | D:1      | Reached skill level 6 in Stealth
   628 | D:1      | Found a faded altar of an unknown god.
   877 | D:1      | Prayed at the altar of an unknown god.
   877 | D:1      | Became a worshipper of Zin the Law-Giver
   877 | D:1      | Reached * piety under Zin
   949 | D:2      | Reached XP level 2. HP: 15/15 MP: 3/3
  1120 | D:2      | Reached XP level 3. HP: 17/18 MP: 4/4
  1336 | D:2      | You fall into a shaft and drop 1 floor!
  1346 | D:3      | Noticed an ogre
  1354 | D:3      | Killed an ogre
  1355 | D:3      | Reached XP level 4. HP: 23/23 MP: 5/5
  1426 | D:3      | Noticed Robin
  1436 | D:3      | Reached XP level 5. HP: 9/27 MP: 6/6
  1637 | D:3      | Killed Robin
  1645 | D:3      | Reached skill level 7 in Stealth
  1704 | D:3      | Noticed Ijyb
  1730 | D:3      | Killed Ijyb
  1925 | D:3      | Reached ** piety under Zin
  2053 | D:3      | Found Venanaefod's Antique Weapon Shop.
  2100 | D:3      | Noticed Sigmund
  2114 | D:3      | Killed Sigmund
  2115 | D:3      | Reached XP level 6. HP: 22/32 MP: 7/7
  2949 | D:4      | Reached *** piety under Zin
  3032 | D:4      | Identified the +1 spear of Mayhem {antimagic, rC+ Dex+4}
  3551 | D:5      | Entered Level 5 of the Dungeon
  3607 | D:5      | Reached skill level 8 in Stealth
  3607 | D:5      | Reached XP level 7. HP: 29/36 MP: 8/8
  3671 | D:5      | Noticed Menkaure
  3674 | D:5      | Killed Menkaure
  3675 | D:5      | Reached skill level 5 in Dodging
  3736 | D:5      | Reached skill level 5 in Short Blades
  3745 | D:5      | Found a sand-covered staircase.
  3750 | Ossuary  | Entered an ossuary
  3804 | Ossuary  | Reached skill level 1 in Invocations
  3947 | Ossuary  | Reached **** piety under Zin
  3972 | Ossuary  | Reached skill level 9 in Stealth
  4379 | D:5      | Reached XP level 8. HP: 42/42 MP: 10/10
  4436 | D:5      | Noticed Eustachio
  4439 | D:5      | Killed Eustachio
  4830 | D:5      | Identified a scroll of acquirement
  4830 | D:5      | Acquired a +1 rapier of protection
  5026 | D:5      | Reached skill level 10 in Stealth
  5273 | D:6      | Reached ***** piety under Zin
  5330 | D:6      | Found a runed translucent door.
  5353 | D:6      | Slain by an iguana

Illustrated notes

Levels and vault maps discovered:
D:1:      wheals_arrival_linesprint, layout_loops_ring,
          shapermc_ecumenical_altar_petra
D:2:      layout_loops_cross, chequers_garden
D:3:      layout_loops_cross, serial_shops, shop, uniq_ijyb, uniq_sigmund,
          uniq_robin
D:4:      layout_cave_pods, supply_closet_lemuel
D:5:      layout_gridville, nicolae_ossuary_entry_plus, uniq_eustachio,
          uniq_menkaure
D:6:      layout_cave_pools, lemuel_zombie_altar_yredelemnul,
          ebering_ghost_sewer_f

Skill      XL: |  1  2  3  4  5  6  7  8 |
---------------+-------------------------+-----
Stealth        | 6 7 8 9 10 | 10.1
Dodging        | 2 3 4 5 6 |  6.9
Fighting       | 2 3 4 |  4.6
Short Blades   | 3 4 5 6 |  6.1
Invocations    | 1 3 |  3.2
Throwing       | |  2.3

Action                     |  1- 3 |  4- 6 |  7- 9 || total
---------------------------+-------+-------+-------++-------
  Melee: Dagger            |    51 |   154 |   255 ||   460
         Punch             |     1 |     1 |     5 ||     7
         Rapier            |       |       |    80 ||    80
   Fire: Sling             |    24 |       |       ||    24
  Throw: Dart              |       |     1 |       ||     1
 Invoke: Vitalisation      |       |       |     1 ||     1
  Evoke: Wand              |       |       |     5 ||     5
    Use: Potion            |     1 |       |       ||     1
         Scroll            |       |    10 |     2 ||    12
   Stab: Sleeping          |     1 |    11 |    14 ||    26
         Distracted        |       |     1 |       ||     1
 Armour: Robe              |    17 |    51 |   134 ||   202
  Dodge: Dodged            |    28 |   118 |   346 ||   492

Table legend: (Time is in decaauts)
 A = Elapsed time spent in this place.
 B = Non-inter-level travel time spent in this place.
 C = Inter-level travel time spent in this place.
 D = Time resting spent in this place.
 E = Time spent auto-exploring this place.
 F = Levels seen in this place.
 G = Mean time per level.
                   A        B        C        D        E       F      G
               +--------+--------+--------+--------+--------+-----+--------+
         Total |   3808 |   3590 |    218 |    545 |   2161 |   7 |  544.0 |
       Dungeon |   3429 |   3211 |    218 |    499 |   1972 |   6 |  571.5 |
       Ossuary |    378 |    378 |      0 |     46 |    188 |   1 |  378.0 |
               +--------+--------+--------+--------+--------+-----+--------+

Top non-repeatable levels by time:
     D:5: 970 daAuts
     D:4: 694 daAuts
     D:1: 612 daAuts
     D:3: 570 daAuts
     D:2: 498 daAuts
 Ossuary: 378 daAuts
     D:6: 82 daAuts
